 Dungeon Crawl Stone Soup version 0.27.1-3-gb3d3a73c9e (webtiles) character file.

Game seed: 2015619802115590082

10154 pkoi the Grappler (level 11, -1/98 HPs)
             Began as a Troll Monk on Oct 12, 2021.
             Was a Believer of Makhleb.
             Slain by a fire giant (24 damage)
             ... on level 10 of the Dungeon.
             The game lasted 00:16:13 (8801 turns).

pkoi the Grappler (Troll Monk)                      Turns: 8801, Time: 00:16:14

Health: -1/98      AC:  6    Str: 30    XL:     11   Next: 32%
Magic:  16/16      EV: 11    Int:  6    God:    Makhleb [**....]
Gold:   690        SH:  0    Dex: 12    Spells: 10/10 levels left

rFire    . . .     SeeInvis +     - Unarmed
rCold    . . .     Faith    .   (no shield)
rNeg     . . .     Spirit   .   C - +0 troll leather armour
rPois    .         Reflect  .   (helmet restricted)
rElec    .         Harm     .   (no cloak)
rCorr    .         Rampage  .   (gloves unavailable)
Will     .....                  (boots unavailable)
Stlth    +.........             b - amulet of the acrobat
HPRegen  2.26/turn              k - +6 ring of strength
MPRegen  0.15/turn              h - ring of see invisible

@: no status effects
A: large, unfitting armour, claws 3, regeneration 1, shaggy fur 1, tough skin 1
a: Renounce Religion, Minor Destruction


You were on level 10 of the Dungeon.
You worshipped Makhleb.
Makhleb was pleased with you.
You visited 2 branches of the dungeon, and saw 11 of its levels.

You collected 726 gold pieces.
You spent 36 gold pieces at shops.

Inventory:

Missiles
 m - 35 poisoned darts (quivered)
 D - 4 large rocks
Armour
 a - a +1 robe
 B - a +2 robe
 C - a +0 troll leather armour (worn)
Jewellery
 b - an amulet of the acrobat (around neck)
 g - a ring of resist corrosion
 h - a ring of see invisible (right claw)
 k - a +6 ring of strength (left claw)
 p - a +6 ring of intelligence
 t - a ring of ice
 A - a ring of magical power
Wands
 e - a wand of iceblast (16)
 w - a wand of charming (10)
 y - a wand of flame (15)
Scrolls
 c - 6 scrolls of teleportation
 f - a scroll of blinking
 o - 2 scrolls of enchant armour
 q - 6 scrolls of identify
 x - a scroll of holy word {unknown}
 z - a scroll of amnesia
 E - a scroll of fear {unknown}
Potions
 d - 2 potions of haste
 i - 2 potions of flight
 j - 2 potions of curing
 l - 2 potions of cancellation
 n - a potion of attraction {unknown}
 r - 3 potions of might
 s - 3 potions of berserk rage {unknown}
 u - a potion of heal wounds {unknown}
 v - a potion of brilliance {unknown}


   Skills:
 - Level 3.6 Fighting
 + Level 3.1 Armour
 + Level 5.8 Dodging
 - Level 1.0 Stealth
 + Level 13.2 Unarmed Combat
 * Level 8.0 Invocations


You had 10 spell levels left.
You didn't know any spells.
Your spell library contained the following spells:

 Spells                   Type           Power      Damage    Failure   Level
 Conjure Flame            Conj/Fire      0%         6-21      86%         3
 Gell's Gravitas          Tloc           0%         N/A       86%         3
 Ignite Poison            Fire/Tmut/Pois 0%         N/A       86%         3
 Lesser Beckoning         Tloc           0%         N/A       86%         3
 Teleport Other           Tloc           0%         N/A       86%         3
 Sticky Flame             Conj/Fire      0%         2d3       99%         4
 Fireball                 Conj/Fire      0%         3d3       100%        5
 Starburst                Conj/Fire      0%         6d3       100%        6
 Ignition                 Fire           0%         3d3       100%        8


Dungeon Overview and Level Annotations

Branches:
Dungeon (10/15)            Temple (1/1) D:7
   Lair: D:8-11         Orc: D:9-12

Altars:
Ashenzari
Cheibriados
Dithmenos
Elyvilon
Fedhas
Gozag
Hepliaklqana
Kikubaaqudgha
Makhleb
Nemelex Xobeh
Okawaru
Qazlal
Ru
Sif Muna
Trog
Uskayaw
Vehumet
Wu Jian
Xom
Yredelemnul
Zin
The Shining One

Shops:
D:3 [!=[[   D:8 *


Innate Abilities, Weirdness & Mutations

You are too large for most types of armour.
You have claws for hands.
Your natural rate of healing is unusually fast.
You are covered in fur. (AC +1)
You have tough skin. (AC +1)


Message History

You closely miss the orc warrior.
The orc warrior is heavily wounded.
The orc hits you but does no damage.
You claw the orc warrior!
You kill the orc warrior!
Makhleb accepts your kill.
You feel better. The orc hits you with a +0 dagger.
Items here: )) [[ †.
The orc closely misses you.
Unknown command.
You mangle the orc!!
You kill the orc!
Makhleb accepts your kill.
Things that are here:
a +0 dagger; a +0 ring mail Unknown command.
Found 20 gold pieces.
You now have 690 gold pieces (gained 20).
A fire giant comes into view.
It is wielding the +7 great mace "Firestarter" {inner flame, rF++}.
A fire giant is nearby!
A fire giant is nearby!
A fire giant is nearby!
A fire giant is nearby!
The fire giant shouts!
The fire giant points at you and mumbles some strange words.
The bolt of fire misses you.
The fire giant points at you and mumbles some strange words.
The fireball explodes!
The fireball engulfs you!!
The fireball engulfs the fire giant.
The fire giant completely resists.
You mangle the fire giant!! Your claw misses the fire giant.
The fire giant is moderately wounded.
The fire giant hits you with the +7 great mace "Firestarter" {inner flame, rF++}!!!
* * * LOW HITPOINT WARNING * * *
The fire giant burns you!
* * * LOW HITPOINT WARNING * * *
You mangle the fire giant!!
The fire giant is heavily wounded.
The fire giant hits you with the +7 great mace "Firestarter" {inner flame, rF++}!!
You die...

.#######.########################
.# #.# .# #.# .# #.# ## #)# #
#.########################
########.........................
.................................
...............C@................
###..............................
###.###................._......
##.....##................[......
##.......##........[.............
#.........##.....................
..##...##..##............(.......
..#....(#...#....................
....#.#.....#....................


You could see a fire giant.

Vanquished Creatures
  2 two-headed ogres
  Nergalle (D:10)
  A cyclops (D:10)
  2 trolls (D:10)
  A vampire (D:10)
  A shadow (D:9)
  Sigmund (D:1)
  A wraith (D:10)
  A wyvern (D:8)
  10 yaks
  6 fire bats (D:10)
  Grum (D:8)
  A steam dragon (D:4)
  A water moccasin (D:4)
  An acid dragon (D:9)
  4 orc warriors
  A sky beast (D:6)
  2 ice beasts (D:6)
  A necrophage (D:5)
  2 wolves (D:8)
  3 ogres
  3 centaurs
  2 kobold brigands
  A gnoll sergeant (D:8)
  4 bullfrogs
  A wyvern zombie (D:8)
  2 scorpions
  A water moccasin zombie (D:7)
  A wyvern skeleton (D:7)
  12 killer bees (D:9)
  4 centaur zombies
  5 jellies
  2 hounds (D:5)
  2 bullfrog skeletons (D:6)
  A gnoll shaman (D:6)
  2 orc priests
  A centaur skeleton (D:5)
  4 iguanas
  5 orc wizards
  A killer bee zombie (D:6)
  2 howler monkey zombies (D:9)
  4 gnolls (D:8)
  A howler monkey skeleton (D:5)
  8 adders
  3 white imps
  An ufetubus (D:6)
  3 worms (D:2)
  4 dart slugs
  17 orcs
  6 endoplasms
  A giant cockroach (D:1)
  6 goblins
  2 hobgoblins (D:1)
  11 jackals
  5 quokkas
  10 ball pythons
  4 bats
  2 frilled lizards
  14 kobolds
  4 rats
206 creatures vanquished.

Vanquished Creatures (others)
  A wizard (D:10)
1 creature vanquished.

Grand Total: 207 creatures vanquished

Notes
Turn   | Place    | Note
-------+----------+-------------------------------------------
     0 | D:1      | pkoi the Troll Monk began the quest for the Orb.
     0 | D:1      | Reached XP level 1. HP: 22/22 MP: 0/0
    87 | D:1      | Reached XP level 2. HP: 23/29 MP: 1/1
   153 | D:1      | Reached skill level 4 in Unarmed Combat
   314 | D:1      | You fall into a shaft and drop 1 floor!
   322 | D:2      | Reached XP level 3. HP: 36/36 MP: 2/2
   356 | D:2      | Noticed Sigmund
   835 | D:2      | Reached skill level 5 in Unarmed Combat
   835 | D:2      | Reached XP level 4. HP: 36/44 MP: 3/3
  1384 | D:3      | Found a radiant altar of Vehumet.
  1465 | D:3      | Found Rior's Jewellery Shop.
  1614 | D:3      | Found Enyqeem's Antique Armour Shoppe.
  1633 | D:3      | Found Qofunoba's Armour Emporium.
  1822 | D:3      | Found Qarph's Distillery.
  1831 | D:3      | Bought a potion of curing for 36 gold pieces
  1864 | D:3      | Found Oczoquir's Armour Emporium.
  2195 | D:4      | Noticed a steam dragon
  2204 | D:4      | Killed a steam dragon
  2205 | D:4      | Reached skill level 6 in Unarmed Combat
  2205 | D:4      | Reached XP level 5. HP: 43/50 MP: 4/4
  2366 | D:4      | Reached XP level 6. HP: 49/59 MP: 5/5
  2479 | D:4      | Noticed a water moccasin
  2487 | D:4      | Killed a water moccasin
  2488 | D:4      | Reached skill level 7 in Unarmed Combat
  2565 | D:4      | Found a sacrificial altar of Ru.
  3017 | D:1      | Killed Sigmund
  3018 | D:1      | Reached skill level 8 in Unarmed Combat
  3018 | D:1      | Reached XP level 7. HP: 61/66 MP: 6/6
  3140 | D:5      | Entered Level 5 of the Dungeon
  3317 | D:5      | Found a shimmering altar of Xom.
  3411 | D:5      | Reached skill level 9 in Unarmed Combat
  3894 | D:5      | Reached XP level 8. HP: 51/74 MP: 7/7
  3964 | D:5      | Reached skill level 10 in Unarmed Combat
  4281 | D:4      | Became a worshipper of Ru the Awakened
  4445 | D:6      | Reached skill level 11 in Unarmed Combat
  4755 | D:7      | Reached XP level 9. HP: 77/80 MP: 8/8
  4858 | D:7      | Found a staircase to the Ecumenical Temple.
  5085 | Temple   | Entered the Ecumenical Temple
  5345 | Temple   | Fell from the grace of Ru
  5345 | Temple   | Became a worshipper of Makhleb the Destroyer
  5476 | D:7      | Reached skill level 12 in Unarmed Combat
  5497 | D:7      | Reached skill level 1 in Invocations
  5823 | D:8      | Found an iron altar of Okawaru.
  5834 | D:8      | Found Rooghisu's Elemental Accessories.
  6067 | D:8      | Found an opulent altar of Gozag.
  6067 | D:8      | Found a blossoming altar of Fedhas.
  6303 | D:8      | Noticed Grum
  6325 | D:8      | Reached skill level 1 in Armour
  6327 | D:8      | Killed Grum
  6360 | D:8      | Found a shadowy altar of Dithmenos.
  6656 | D:9      | HP: 4/121 [killer bee (5)]
  6748 | D:9      | Reached * piety under Makhleb
  7299 | D:9      | Reached XP level 10. HP: 72/92 MP: 10/12
  7482 | D:10     | Entered Level 10 of the Dungeon
  7483 | D:10     | Found a bloodstained altar of Trog.
  7485 | D:10     | Noticed a wizard
  7490 | D:10     | Killed a wizard
  7514 | D:10     | Noticed a two-headed ogre
  7520 | D:10     | Reached skill level 5 in Invocations
  7675 | D:9      | Killed a two-headed ogre
  7732 | D:9      | Reached ** piety under Makhleb
  7897 | D:10     | Reached skill level 5 in Dodging
  8131 | D:10     | Noticed Nergalle
  8153 | D:10     | Killed Nergalle
  8154 | D:10     | Reached skill level 13 in Unarmed Combat
  8253 | D:10     | Reached XP level 11. HP: 97/98 MP: 15/15
  8264 | D:10     | Found a glowing golden altar of the Shining One.
  8421 | D:10     | Noticed a two-headed ogre
  8428 | D:10     | Killed a two-headed ogre
  8487 | D:10     | Found a broken altar of Ashenzari.
  8795 | D:10     | Noticed a fire giant
  8801 | D:10     | Slain by a fire giant

Illustrated notes

Levels and vault maps discovered:
D:1:      dpeg_arrival_rhombus, layout_loops_ring, minmay_heptomino_l4
D:2:      layout_rooms, uniq_sigmund
D:3:      layout_basic, mainiacjoe_overflow_catwalk, serial_shops, shop,
          shop_coins, nicolae_shop_stone, nicolae_lakefront_shop, shop
D:4:      layout_cave_pods, mainiacjoe_overflow_cross_hatched
D:5:      layout_basic, kennysheep_mini, minmay_misc_feat_plants
D:6:      layout_cave_pools, minmay_between
D:7:      layout_loops_cross, minmay_temple_entry_nine_rooms
D:8:      layout_cave_pools, nicolae_dithmenos_the_darkroom,
          gammafunk_temple_overflow_elements, okawaru_gym_becter,
          serial_co_window_serial, co_window_paths_a, co_window_paths_b,
          co_window_corner_a, co_window_cross_1, co_window_corner_a,
          co_window_paths_c, co_window_corner_b, co_window_of_opportunity_c,
          co_window_corner_b, co_window_paths_c, co_window_corner_ca,
          co_window_paths_d, glass_columns_a, glass_columns_a,
          nicolae_elemental_shop, minmay_statues_item, uniq_grum
D:9:      layout_gridville, kennysheep_another_room, minmay_misc_feat_pillars,
          st_stairs_10
D:10:     minmay_firetagon, layout_long_grid, overflow_temple_1_default,
          ashenzari_conservatory_becter, trog_wizard, minmay_circle_x,
          uniq_nergalle
Temple:   minmay_temple_bridge_abc

Skill      XL: |  1  2  3  4  5  6  7  8  9 10 11 |
---------------+----------------------------------+-----
Unarmed Combat | 4 5 6 8 9 11 12 13 | 13.2
Invocations    | 4 7 8 |  8.0
Armour         | 2 3 |  3.1
Fighting       | 3 |  3.6
Dodging        | 3 5 |  5.8
Stealth        | |  1.0

Action                   |  1- 3 |  4- 6 |  7- 9 | 10-12 || total
-------------------------+-------+-------+-------+-------++-------
Melee: Unarmed           |   113 |    81 |   247 |   152 ||   593
       Punch             |     2 |     2 |    17 |    12 ||    33
Invok: Reject Sacrifices |       |       |     1 |       ||     1
  Use: Scroll            |       |    11 |     4 |       ||    15
       Potion            |       |       |     4 |       ||     4
 Stab: Sleeping          |     3 |     2 |     1 |       ||     6
Armor: Robe              |    40 |    21 |    60 |    27 ||   148
       Skin              |       |       |    26 |       ||    26
       Troll leather arm |       |       |       |     7 ||     7
Dodge: Dodged            |    85 |    45 |   175 |   132 ||   437
